 Dungeon Crawl Stone Soup version 0.29.0-4-gdea44cf6ec (webtiles) character file.

Game seed: 1225999633603522112

45 qw the Chopper (level 3, -3/18 HPs)
             Began as a Tengu Warper on Aug 28, 2022.
             Slain by Natasha (5 damage)
             ... on level 2 of the Dungeon.
             The game lasted 00:00:07 (1707 turns).

qw the Chopper (Tengu Warper)                       Turns: 1707, Time: 00:00:08

Health: -3/18      AC:  5    Str: 13    XL:     3   Next: 64%
Magic:  7/7        EV: 12    Int: 13    God:
Gold:   101        SH:  0    Dex: 13    Spells: 6/6 levels left

rFire   . . .      SeeInvis .   Y - +0 hand axe
rCold   . . .      Faith    .   (no shield)
rNeg    . . .      Spirit   .   b - +0 leather armour
rPois   .          Reflect  .   d - +2 hat
rElec   .          Harm     .   (no cloak)
rCorr   .          Rampage  .   (no gloves)
Will    .....      Clarity  +   (boots unavailable)
Stlth   +.........              (no amulet)
HPRegen 0.06/turn               (no ring)
MPRegen 0.10/turn               (no ring)

@: slowed, very slow
A: beak, talons 3, clarity, frail 1, evolution 1, sturdy frame 1
a: no special abilities


You were on level 2 of the Dungeon.
You visited 1 branch of the dungeon, and saw 2 of its levels.

You collected 101 gold pieces.


Innate Abilities, Weirdness & Mutations

You have a beak for a mouth.
You have claws for feet.
You possess an exceptional clarity of mind.
You are frail. (-10% HP)
You have hidden genetic potential.
Your movements are slightly less encumbered by armour. (ER -2)


   Skills:
 - Level 2.0 Fighting
 + Level 4.3 Axes
 - Level 1.0 Throwing
 - Level 1.1 Armour
 - Level 2.1 Dodging
 - Level 2.0 Spellcasting
 - Level 2.4 Translocations


You had 6 spell levels left.
You didn't know any spells.
Your spell library contained the following spells:

 Spells                   Type           Power      Damage    Failure   Level
 Blink                    Tloc           14%        N/A       16%         2
 Gell's Gravitas          Tloc           7%         N/A       30%         3
 Lesser Beckoning         Tloc           7%         N/A       30%         3
 Teleport Other           Tloc           7%         N/A       30%         3
 Manifold Assault         Tloc           7%         N/A       95%         5

Inventory:

Hand Weapons
 n - a +0 whip
 Y - a +0 hand axe (weapon)
Missiles
 f - a javelin (quivered)
Armour
 b - a +0 leather armour (worn)
 c - a +0 ring mail
 d - a +2 hat (worn)
Potions
 a - 3 potions of haste {unknown}
 e - a potion of curing {unknown}
 h - a potion of invisibility {unknown}
 j - a potion of brilliance {unknown}
 k - a potion of ambrosia {unknown}
 m - a potion of lignification {unknown}

Dungeon Overview and Level Annotations

Branches:
Dungeon (2/15)

Altars:
Sif Muna

Annotations:
D:2 Natasha


Message History

Natasha is lightly wounded.
Natasha closely misses you. Natasha claws you but does no damage.
You barely miss Natasha.
Natasha is lightly wounded.
Natasha closely misses you. Natasha barely misses you.
You hit Natasha. Your kick misses Natasha.
Natasha is moderately wounded.
Natasha claws you.
You barely miss Natasha. You peck Natasha.
Natasha is heavily wounded.
Natasha casts a spell at you. You resist with significant effort.
Natasha mumbles some strange words.
You hit Natasha but do no damage. Your kick misses Natasha.
You peck Natasha, but do no damage.
Natasha is heavily wounded.
Natasha mumbles some strange words.
You completely miss Natasha.
Natasha is heavily wounded.
Natasha closely misses you. x2
The white imp gestures at you. The puff of frost hits you.
You barely miss Natasha.
Natasha is heavily wounded.
You hit the white imp.
Natasha howls an incantation.
Natasha glows brightly for a moment.
Natasha closely misses you.
You closely miss Natasha. You claw Natasha.
Natasha is severely wounded.
You hit the crimson imp. Natasha claws you but does no damage.
The crimson imp blinks!
Natasha completely misses you.
You hit Natasha but do no damage. Your peck misses Natasha.
Natasha is severely wounded.
You closely miss the white imp. Natasha closely misses you.
The white imp gestures at you. The puff of frost hits you! Natasha claws you.
You die...

..# ## ..# .#
..# .## ..#
..#..# ....#
.>#####h5.#
.......@#####
......#.....#
####
#####.#####.#
...## #.#.#
#.# .....
#.#.P #)#
...##
#.#...#.##
####
#P.b#.#####..#
#
#...#........#
#
#...#######..#


You could see Natasha and a white imp (summoned).

Vanquished Creatures
  2 adders (D:2)
  3 endoplasms
  2 giant cockroaches (D:2)
  2 hobgoblins (D:1)
  A quokka (D:2)
  3 ball pythons (D:1)
  3 bats (D:1)
  A frilled lizard (D:1)
  3 goblins (D:2)
  5 kobolds (D:1)
  4 rats
29 creatures vanquished.

Notes
Turn   | Place    | Note
-------+----------+-------------------------------------------
     0 | D:1      | qw the Tengu Warper began the quest for the Orb.
     0 | D:1      | Reached XP level 1. HP: 12/12 MP: 4/4
     0 | D:1      | 0 ||| qw: Version: 0.1-a-89-g26bdef1
     0 | D:1      | 0 ||| qw: Game counter: 512
     0 | D:1      | 0 ||| qw: Always use a shield: true
     0 | D:1      | 0 ||| qw: God list: Okawaru
     0 | D:1      | 0 ||| qw: Allow faded altars: false
     0 | D:1      | 0 ||| qw: Do Orc after D:15 true
     0 | D:1      | 0 ||| qw: Do second Lair branch before Depths: true
     0 | D:1      | 0 ||| qw: Lair rune preference: random
     0 | D:1      | 0 ||| qw: Plans: Normal
     0 | D:1      | 0 ||| PLANNING D:1-11
   350 | D:1      | 350 ||| Stepping ~*~*~tactically~*~*~ (stealth).
   351 | D:1      | 351 ||| Stepping ~*~*~tactically~*~*~ (stealth).
   356 | D:1      | Reached XP level 2. HP: 13/17 MP: 6/6
   456 | D:1      | Found a faded altar of an unknown god.
   461 | D:1      | Reached skill level 3 in Axes
   487 | D:1      | 487 ||| Stepping ~*~*~tactically~*~*~ (stealth).
   584 | D:1      | 584 ||| DROPPING +0 club.
   920 | D:1      | 920 ||| UPGRADING to +2 hat.
   925 | D:1      | 925 ||| READING scroll labelled XUOCZE JAES.
   928 | D:1      | 928 ||| READING scroll labelled BACZOPLIABEV.
   929 | D:1      | 929 ||| READING scroll labelled GUXKAS ROESCH.
   930 | D:1      | 930 ||| READING scroll labelled XOOLUULO TOGAA.
   931 | D:1      | 931 ||| DRINKING 2 puce potions.
   931 | D:1      | Gained mutation: You are frail. (-10% HP) [potion of
                  | mutation]
   931 | D:1      | Gained mutation: Armour fits poorly on your strangely
                  | shaped body. [potion of mutation]
   931 | D:1      | Gained mutation: You are partially covered in large bone
                  | plates. (SH +4) [potion of mutation]
   932 | D:1      | 932 ||| DRINKING potion of mutation.
   932 | D:1      | Lost mutation: Armour fits poorly on your strangely shaped
                  | body. [potion of mutation]
   932 | D:1      | Lost mutation: You are partially covered in large bone
                  | plates. (SH +4) [potion of mutation]
   932 | D:1      | Gained mutation: You have hidden genetic potential. [potion
                  | of mutation]
   932 | D:1      | Gained mutation: You possess an exceptional clarity of
                  | mind. [potion of mutation]
   933 | D:1      | 933 ||| DROPPING scroll of blinking.
   964 | D:2      | Found a shimmering blue altar of Sif Muna.
  1352 | D:2      | Reached skill level 4 in Axes
  1352 | D:2      | Reached XP level 3. HP: 11/18 MP: 7/7
  1578 | D:2      | 1578 ||| Stepping ~*~*~tactically~*~*~ (stealth).
  1594 | D:2      | Gained mutation: Your movements are slightly less
                  | encumbered by armour. (ER -2) [hidden potential]
  1689 | D:2      | Noticed Natasha
  1695 | D:2      | HP: 4/18 [Natasha/magic dart (8)]
  1696 | D:2      | 1696 ||| DRINKING potion of heal wounds.
  1707 | D:2      | HP: 2/18 [white imp/puff of frost[Natasha] (8)]
  1707 | D:2      | Slain by Natasha

Levels and vault maps discovered:
D:1:      heliophobic_arrival_enchanted_forest, layout_loops_ring,
          nicolae_ecumenical_snake_handling
D:2:      kennysheep_six_static_rooms, layout_basic, serial_aquarium,
          aquarium_bridge_long_separate [aquarium_subvault_wall,
          aquarium_subvault_bridge, aquarium_subvault_bridge,
          aquarium_subvault_wall, aquarium_subvault_bridge,
          aquarium_subvault_bridge], aquarium_window_fake,
          aquarium_window_double, aquarium_view_2f, aquarium_view_2e,
          basic_altar, minmay_misc_feat_secret_circle, roderic_serpentine_path,
          uniq_natasha

Skill      XL: |  1  2 |
---------------+-------+-----
Axes           | 4 |  4.3
Fighting       | |  2.0
Throwing       | |  1.0
Armour         | |  1.1
Dodging        | |  2.1
Spellcasting   | |  2.0
Translocations | |  2.4

Action                   || total
-------------------------++-------
Melee: Hand axe          ||    65
       Kick              ||    15
       Peck              ||     8
       Punch             ||     1
Throw: Boomerang         ||     7
       Javelin           ||    10
  Use: Scroll            ||     4
       Potion            ||     3
Armor: Leather armour    ||    22
Dodge: Dodged            ||    35

Table legend:
 A = Non-vault XP
 B = Vault XP
 C = Vault XP percentage of total XP
 D = Non-vault monster count
 E = Vault monster count
 F = Vault count percentage of total count
                 A         B        C        D         E       F
            +---------+---------+-------+---------+---------+-------
      Total |      42 |      23 |  35.4 |      21 |       8 |  27.6
            +---------+---------+-------+---------+---------+-------
        D:1 |      22 |       2 |   8.3 |      16 |       2 |  11.1
        D:2 |      20 |      21 |  51.2 |       5 |       6 |  54.5
            +---------+---------+-------+---------+---------+-------
